 Dungeon Crawl Stone Soup version 0.29.0-4-gdea44cf6ec (webtiles) character file.

Game seed: 16026418713727255669

30 qw the Chopper (level 3, -6/21 HPs)
             Began as a Tengu Warper on Aug 28, 2022.
             Mangled by a gnoll
             ... wielding a +0 club
              (9 damage)
             ... on level 2 of the Dungeon.
             The game lasted 00:00:05 (983 turns).

qw the Chopper (Tengu Warper)                        Turns: 983, Time: 00:00:05

Health: -6/21      AC:  3    Str: 13    XL:     3   Next: 20%
Magic:  7/7        EV: 12    Int: 13    God:
Gold:   117        SH:  0    Dex: 13    Spells: 6/6 levels left

rFire   . . .      SeeInvis .   Y - +0 hand axe
rCold   . . .      Faith    .   (no shield)
rNeg    . . .      Spirit   .   b - +0 leather armour
rPois   .          Reflect  .   (helmet restricted)
rElec   .          Harm     .   (no cloak)
rCorr   .          Rampage  .   (no gloves)
Will    .....                   (boots unavailable)
Stlth   +.........              (no amulet)
HPRegen 0.07/turn               (no ring)
MPRegen 0.10/turn               (no ring)

@: no status effects
A: beak, talons 3
a: no special abilities


You were on level 2 of the Dungeon.
You visited 1 branch of the dungeon, and saw 2 of its levels.

You collected 117 gold pieces.


Innate Abilities, Weirdness & Mutations

You have a beak for a mouth.
You have claws for feet.


   Skills:
 - Level 2.0 Fighting
 + Level 3.9 Axes
 - Level 1.0 Throwing
 - Level 1.1 Armour
 - Level 2.1 Dodging
 - Level 2.0 Spellcasting
 - Level 2.4 Translocations


You had 6 spell levels left.
You didn't know any spells.
Your spell library contained the following spells:

 Spells                   Type           Power      Damage    Failure   Level
 Blink                    Tloc           14%        N/A       19%         2
 Gell's Gravitas          Tloc           7%         N/A       36%         3
 Lesser Beckoning         Tloc           7%         N/A       36%         3
 Teleport Other           Tloc           7%         N/A       36%         3
 Manifold Assault         Tloc           7%         N/A       98%         5

Inventory:

Hand Weapons
 h - a +0 club
 Y - a +0 hand axe (weapon)
Armour
 b - a +0 leather armour (worn)
 e - a +0 ring mail
Scrolls
 a - 3 scrolls of identify {unknown}
 d - a scroll of immolation {unknown}
Potions
 c - a potion of heal wounds {unknown}
 f - 2 potions of curing {unknown}
 k - a potion of flight {unknown}

Dungeon Overview and Level Annotations

Branches:
Dungeon (2/15)

Altars:

Annotations:
D:2 Natasha


Message History

The hobgoblin moves out of view.
You closely miss the frilled lizard. The frilled lizard barely misses you.
You slash the frilled lizard!
You kill the frilled lizard!
Things that are here:
a +0 club; a goblin corpse A hobgoblin is nearby!
The hobgoblin shouts!
You hit the hobgoblin. You claw the hobgoblin.
You kill the hobgoblin!
You see here a hobgoblin corpse.
a - 3 scrolls labelled SEADIH CUNA (gained 1)
You now have 117 gold pieces (gained 14).
A gnoll comes into view. It is wielding a +0 spear.
The gnoll shouts!
A gnoll comes into view. It is wielding a +0 club.
Natasha, Servant of Life and Death comes into view.
An endoplasm and a gnoll come into view.
Found a glowing scarf.
Natasha hisses angrily.
The gnoll shouts! x2
Natasha mumbles some strange words.
A dart slug comes into view.
The endoplasm moves out of view.
A hobgoblin and a ball python come into view.
Found a stone staircase leading down.
The hobgoblin shouts!
The crimson imp blinks!
A gnoll comes into view. It is wielding a +0 spear.
Found a robe.
The gnoll shouts!
The gnoll hits you from afar with a +0 spear!
You closely miss Natasha. You hit the gnoll but do no damage.
You hit the ball python.
You kill the ball python!
Natasha casts a spell at you. The magic dart hits you!
The gnoll hits you from afar with a +0 spear.
The gnoll hits you with a +0 club!
You die...

#####.. #.###
### #.# #.#
##.# #..# #.##
##.# #..# #@##
#..hgg.....#
#.gg.......#
.gJw....5...#
#............#
#....[.......#
##>###########
#[


You could see Natasha, 4 gnolls, a crimson imp (summoned), a dart slug, an
endoplasm and a hobgoblin.

Vanquished Creatures
  An adder (D:2)
  A worm (D:2)
  2 dart slugs
  2 ball pythons
  2 hobgoblins
  2 frilled lizards
  4 goblins
  A kobold (D:1)
  2 rats
17 creatures vanquished.

Notes
Turn   | Place    | Note
-------+----------+-------------------------------------------
     0 | D:1      | qw the Tengu Warper began the quest for the Orb.
     0 | D:1      | Reached XP level 1. HP: 12/12 MP: 4/4
     0 | D:1      | 0 ||| qw: Version: 0.1-a-89-g26bdef1
     0 | D:1      | 0 ||| qw: Game counter: 821
     0 | D:1      | 0 ||| qw: Always use a shield: true
     0 | D:1      | 0 ||| qw: God list: Okawaru
     0 | D:1      | 0 ||| qw: Allow faded altars: false
     0 | D:1      | 0 ||| qw: Do Orc after D:15 true
     0 | D:1      | 0 ||| qw: Do second Lair branch before Depths: true
     0 | D:1      | 0 ||| qw: Lair rune preference: random
     0 | D:1      | 0 ||| qw: Plans: Normal
     0 | D:1      | 0 ||| PLANNING D:1-11
    23 | D:1      | 23 ||| Stepping ~*~*~tactically~*~*~ (stealth).
   184 | D:1      | Reached XP level 2. HP: 17/17 MP: 6/6
   267 | D:1      | Reached skill level 3 in Axes
   438 | D:1      | Found a faded altar of an unknown god.
   549 | D:1      | 549 ||| READING scroll labelled FUNGACLAEK.
   554 | D:1      | 554 ||| READING 2 scrolls labelled BUGEMYURRA.
   555 | D:1      | 555 ||| READING scroll labelled OHUUNOS OPROS.
   556 | D:1      | 556 ||| READING scroll labelled DUAKLY UFAINEWN.
   557 | D:1      | 557 ||| READING 3 scrolls labelled SIF KEMMAOS.
   689 | D:1      | 689 ||| READING scroll labelled XABAGA ETHRO.
   690 | D:1      | 690 ||| DROPPING scroll of blinking.
   691 | D:1      | 691 ||| DROPPING scroll of noise.
   692 | D:1      | 692 ||| DROPPING 2 scrolls of torment.
   853 | D:2      | Reached XP level 3. HP: 21/21 MP: 7/7
   946 | D:2      | 946 ||| Stepping ~*~*~tactically~*~*~ (stealth).
   979 | D:2      | Noticed Natasha
   983 | D:2      | HP: 5/21 [Natasha/magic dart (7)]
   983 | D:2      | Mangled by a gnoll

Levels and vault maps discovered:
D:1:      dpeg_arrival_windows_large_door, layout_rooms,
          dreamdust_ecumenical_altar_sealed_demon
D:2:      layout_basic, kennysheep_generic_room_10, uniq_natasha,
          uniq_crazy_yiuf_cottage

Skill      XL: |  1  2 |
---------------+-------+-----
Axes           | 3 |  3.9
Fighting       | |  2.0
Throwing       | |  1.0
Armour         | |  1.1
Dodging        | |  2.1
Spellcasting   | |  2.0
Translocations | |  2.4

Action                   || total
-------------------------++-------
Melee: Hand axe          ||    35
       Kick              ||     8
       Peck              ||     3
Throw: Boomerang         ||     7
  Use: Scroll            ||     6
Armor: Leather armour    ||     5
Dodge: Dodged            ||    15

Table legend:
 A = Non-vault XP
 B = Vault XP
 C = Vault XP percentage of total XP
 D = Non-vault monster count
 E = Vault monster count
 F = Vault count percentage of total count
                 A         B        C        D         E       F
            +---------+---------+-------+---------+---------+-------
      Total |      41 |       5 |  10.9 |      16 |       1 |   5.9
            +---------+---------+-------+---------+---------+-------
        D:1 |      16 |       0 |   0.0 |       9 |       0 |   0.0
        D:2 |      25 |       5 |  16.7 |       7 |       1 |  12.5
            +---------+---------+-------+---------+---------+-------
